 Dungeon Crawl Stone Soup version 0.31-a0-237-g2d982f9f85 (webtiles) character file.

Game seed: 18118063452736205801

114 qw the Shooter (level 4, -23/27 HPs)
             Began as a Gargoyle Hexslinger on July 11, 2023.
             Annihilated by an ogre
             ... wielding a +0 giant club
              (32 damage)
             ... on level 4 of the Dungeon.
             The game lasted 00:01:00 (2252 turns).

qw the Shooter (Gargoyle Hexslinger)                Turns: 2252, Time: 00:01:00

Health: -23/27     AC:  9    Str: 11    XL:     4   Next: 98%
Magic:  5/5        EV: 10    Int: 14    God:
Gold:   160        SH:  0    Dex: 14    Spells: 4/5 levels left

rFire   . . .        Y - +2 sling (chaos)
rCold   . . .        (no shield)
rNeg    + . .        b - +0 ring mail
rPois   inf          g - +0 helmet
rElec   +            (no cloak)
rCorr   .            (no gloves)
SInv    .            (no boots)
Will    .....        (no amulet)
Stlth   +            d - +4 ring of slaying {mikee}
HPRegen 0.24/turn    (no ring)
MPRegen 0.09/turn

%: no passive effects
@: no status effects
A: sickness immunity, AC +3, negative energy resistance 1, electricity
resistance, torment resistance 1, petrification resistance
a: no special abilities


You were on level 4 of the Dungeon.
You visited 2 branches of the dungeon, and saw 5 of its levels.

You collected 160 gold pieces.


Innate Abilities, Weirdness & Mutations

You are immune to sickness and miasma.
Your stone body is resilient. (AC +3)
You are immune to poison.
You resist negative energy. (rN+)
You are resistant to electric shocks. (rElec)
You are resistant to unholy torment.
You are immune to petrification.


   Skills:
 - Level 2.3 Fighting
 + Level 4.3 Ranged Weapons
 - Level 1.0 Armour
 - Level 1.5 Dodging
 - Level 1.0 Spellcasting
 - Level 2.6 Hexes


You had 4 spell levels left.
You knew the following spells:

 Your Spells              Type           Power      Damage    Failure   Level
a - Slow                  Hex            32%        N/A       21%         1

Your spell library contained the following spells:

 Spells                   Type           Power      Damage    Failure   Level
 Inner Flame              Hex/Fire       4%         N/A       71%         3
 Portal Projectile        Hex/Tloc       8%         N/A       71%         3
 Cause Fear               Hex            4%         N/A       90%         4

Inventory:

Hand Weapons
 Y - a +2 sling of chaos (weapon)
Armour
 b - a +0 ring mail (worn)
 g - a +0 helmet (worn)
Jewellery
 d - a +4 ring of slaying (left hand) {mikee}
Scrolls
 h - a scroll of identify
Potions
 a - a potion of curing
 c - a potion of magic {unknown}
 e - a potion of brilliance {unknown}
 f - a potion of resistance {unknown}
 j - a potion of mutation {unknown}
 l - 2 potions of might

Dungeon Overview and Level Annotations

Branches:
Dungeon (4/15)             Temple (1/1) D:4

Altars:
Cheibriados
Kikubaaqudgha
Nemelex Xobeh
Qazlal
Sif Muna
Trog
Vehumet
Xom

Shops:
D:1 ?   D:3 (


Message History

The sling bullet closely misses the kobold.
A kobold is nearby!
You shoot a sling bullet. The sling bullet hits the kobold!
The sling bullet burns the kobold.
You kill the kobold!
Found a stone staircase leading down.
You see here a wand of iceblast (3).
An adder comes into view.
Found an ancient bone altar of Kikubaaqudgha.
Enter note: You shoot a sling bullet.
The sling bullet hits the adder!
The adder is poisoned.
The adder is severely wounded.
You hear a shout!
You shoot a sling bullet.
The sling bullet closely misses the adder.
The adder bites you but does no damage.
You shoot a sling bullet. The sling bullet hits the adder!
You kill the adder!
An ogre comes into view. It is wielding a +0 giant club.
You shoot a sling bullet. The sling bullet hits the ogre.
The ogre goes berserk!
The ogre is lightly wounded.
The ogre barely misses you.
You shoot a sling bullet. The sling bullet hits the ogre!
The ogre is poisoned.
The ogre is moderately wounded.
The ogre hits you with a +0 giant club!!
Ouch! That really hurt!
The ogre closely misses you.
You shoot a sling bullet. The sling bullet hits the ogre.
The ogre is heavily wounded.
The ogre barely misses you.
You shoot a sling bullet. The sling bullet hits the ogre!
The sling bullet freezes the ogre.
The ogre is almost dead.
The ogre barely misses you.
You shoot a sling bullet. The sling bullet hits the ogre.
The ogre is almost dead.
The ogre hits you with a +0 giant club!!
Ouch! That really hurt!
You die...

#.# #.# #.# ..# ##
#.# ..# #.##...#
#$O.._.# #@# #.#
########### ###.##
###...##.....
#....###../..##.....
#..>................
#....#...(...##.....
#....#.......##.....
#...##.....####.....
#.....##.#..##......


You could see an ogre (berserk, very poisoned).

Vanquished Creatures
  3 adders
  A worm (D:2)
  2 dart slugs
  4 orcs (D:3)
  3 ball pythons
  4 endoplasms
  13 giant cockroaches
  4 goblins
  3 hobgoblins
  4 jackals (D:1)
  5 quokkas
  8 bats
  5 frilled lizards
  7 kobolds
  6 rats
72 creatures vanquished.

Notes
Turn   | Place    | Note
-------+----------+-------------------------------------------
     0 | D:1      | qw the Gargoyle Hexslinger began the quest for the Orb.
     0 | D:1      | Reached XP level 1. HP: 12/12 MP: 2/2
     0 | D:1      | 0 ||| qw: Version: 0.3-a-52-g30416fa
     0 | D:1      | 0 ||| qw: Game counter: 5464
     0 | D:1      | 0 ||| qw: Melee chars always use a shield: true
     0 | D:1      | 0 ||| qw: God list: Okawaru
     0 | D:1      | 0 ||| qw: Allow faded altars: false
     0 | D:1      | 0 ||| qw: Do Orc after clearing Dungeon:15 true
     0 | D:1      | 0 ||| qw: Do second Lair branch before Depths: true
     0 | D:1      | 0 ||| qw: Lair rune preference: random
     0 | D:1      | 0 ||| qw: Goals: Normal
     0 | D:1      | 0 ||| PLANNING D:1-11
   205 | D:1      | Found The Oracle's Delphic Readings.
   209 | D:1      | 209 ||| SHOPLISTING scroll of teleportation (36 gold, have
                  | 7).
   251 | D:1      | Reached XP level 2. HP: 14/16 MP: 3/3
   318 | D:1      | Reached skill level 3 in Ranged Weapons
   733 | D:1      | 733 ||| UPGRADING to +0 leather armour.
   743 | D:1      | 743 ||| DROPPING +0 robe.
   744 | D:1      | 744 ||| UPGRADING to +0 helmet.
   749 | D:1      | 749 ||| READING 2 scrolls labelled XUEMEMOMEUT.
   750 | D:1      | 750 ||| READING 2 scrolls labelled VOSHAN XURU.
   751 | D:1      | 751 ||| READING scroll labelled IBUKKAC CEOG.
   752 | D:1      | 752 ||| DRINKING 2 blue potions.
   753 | D:1      | 753 ||| DRINKING 2 bubbling white potions.
   754 | D:1      | 754 ||| DROPPING scroll of fog.
   755 | D:1      | 755 ||| DROPPING scroll of poison.
   824 | D:2      | Reached XP level 3. HP: 17/22 MP: 4/4
  1013 | D:2      | 1013 ||| FLEEEEING.
  1014 | D:2      | 1014 ||| FLEEEEING.
  1015 | D:2      | 1015 ||| FLEEEEING.
  1016 | D:2      | 1016 ||| FLEEEEING.
  1631 | D:2      | 1631 ||| UPGRADING to +0 ring mail.
  1641 | D:2      | 1641 ||| DROPPING +0 leather armour.
  1642 | D:2      | 1642 ||| READING scroll labelled BOXKECWURIL.
  1680 | D:3      | Reached skill level 1 in Armour
  1680 | D:3      | Reached XP level 4. HP: 27/27 MP: 5/5
  1734 | D:3      | HP: 5/27 [orc/+0 heavy war axe (7)]
  1735 | D:3      | 1735 ||| DRINKING potion of heal wounds.
  1774 | D:3      | Found Qurghur's Antique Weapon Boutique.
  1783 | D:3      | 1783 ||| SHOPLISTING encrusted arbalest (256 gold, have
                  | 112).
  1783 | D:3      | 1783 ||| SHOPLISTING glowing orcbow (175 gold, have 112).
  2039 | D:3      | Reached skill level 4 in Ranged Weapons
  2144 | D:3      | 2144 ||| UPGRADING to +4 ring of slaying {mikee}.
  2145 | D:3      | 2145 ||| READING 2 scrolls of identify.
  2145 | D:3      | 2145 ||| IDENTIFYING lumpy brown potion
  2187 | D:4      | Found a staircase to the Ecumenical Temple.
  2188 | D:4      | 2188 ||| PLANNING TEMPLE
  2198 | Temple   | Entered the Ecumenical Temple
  2211 | Temple   | 2211 ||| PLANNING D:1-11
  2244 | D:4      | Found an ancient bone altar of Kikubaaqudgha.
  2247 | D:4      | Noticed an ogre
  2252 | D:4      | Annihilated by an ogre

Levels and vault maps discovered:
D:1:      nicolae_arrival_somewhat_less_tricky_arrival, layout_basic,
          minmay_misc_feat_square, nicolae_nh_oracle_at_delphi
D:2:      layout_loops_ring, serial_forest, infiniplex_forest_clump_medium,
          infiniplex_forest_lined_corner, infiniplex_forest_join,
          infiniplex_forest_straight_4, infiniplex_forest_straight_2,
          kennysheep_generic_room_15
D:3:      minmay_roachtagon, layout_rooms, serial_shops, nicolae_diamond_shop,
          minmay_misc_feat_secret_circle
D:4:      layout_basic, mainiacjoe_overflow_alcove_2,
          minmay_temple_entry_large_hall, lexackson_kobold_supper,
          uniq_blork_the_orc, uniq_natasha
Temple:   hellmonk_temple_two_chambers

Skill      XL: |  1  2  3  4 |
---------------+-------------+-----
Ranged Weapons | 3 4 |  4.3
Fighting       | 2 |  2.3
Armour         | 1 |  1.0
Dodging        | |  1.5
Spellcasting   | |  1.0
Hexes          | |  2.6

Action                     |  1- 3 |  4- 6 || total
---------------------------+-------+-------++-------
   Fire: Sling             |   129 |   104 ||   233
    Use: Scroll            |     4 |     1 ||     5
         Potion            |     2 |     1 ||     3
 Armour: Robe              |    11 |       ||    11
         Leather armour    |    18 |       ||    18
         Ring mail         |     3 |    40 ||    43
  Dodge: Dodged            |    52 |    30 ||    82

Table legend:
 A = Non-vault XP
 B = Vault XP
 C = Vault XP percentage of total XP
 D = Non-vault monster count
 E = Vault monster count
 F = Vault count percentage of total count
                 A         B        C        D         E       F
            +---------+---------+-------+---------+---------+-------
      Total |     135 |      29 |  17.7 |      57 |      15 |  20.8
            +---------+---------+-------+---------+---------+-------
        D:1 |      28 |       3 |   9.7 |      16 |       2 |  11.1
        D:2 |      41 |       2 |   4.7 |      17 |       1 |   5.6
        D:3 |      46 |      24 |  34.3 |      19 |      12 |  38.7
        D:4 |      20 |       0 |   0.0 |       5 |       0 |   0.0
            +---------+---------+-------+---------+---------+-------
